 Dungeon Crawl Stone Soup version 0.24-a0-250-g6074511 (webtiles) character file.

Game seed: 9445006393715092441

46 Borgoz the Cutter (level 3, 0/22 HPs)
             Began as a Kobold Gladiator on Apr 14, 2019.
             Slain by Sigmund
             ... wielding a +0 scythe
              (14 damage)
             ... on level 2 of the Dungeon.
             The game lasted 00:01:42 (960 turns).

Borgoz the Cutter (Kobold Gladiator)                 Turns: 960, Time: 00:01:42

Health: 0/22       AC:  4    Str: 12    XL:     3   Next: 92%
Magic:  3/3        EV: 16    Int:  9    God:
Gold:   64         SH:  0    Dex: 16    Spells: 2/2 levels left

rFire    . . .     SeeInvis .   a - +0 rapier
rCold    . . .     Gourm    .   (shield restricted)
rNeg     . . .     Faith    .   l - +0 leather armour
rPois    .         Spirit   .   c - +0 helmet
rElec    .         Reflect  .   (no cloak)
rCorr    .         Harm     .   (no gloves)
MR       .....                  (no boots)
Stlth    +.........             (no amulet)
HPRegen  0.07/turn              (no ring)
MPRegen  0.08/turn              (no ring)

@: no status effects
A: small, carnivore
a: no special abilities


You were on level 2 of the Dungeon.
You were completely stuffed.

You visited 1 branch of the dungeon, and saw 2 of its levels.

You collected 64 gold pieces.

Inventory:

Hand Weapons
 a - a +0 rapier (weapon)
 b - a +3 dagger
 i - a +3 dagger
Armour
 c - a +0 helmet (worn)
 l - a +0 leather armour (worn)
Wands
 n - a wand of paralysis (4)
Scrolls
 e - 5 scrolls of identify {unknown}
Potions
 g - a potion of berserk rage {unknown}
 h - 2 potions of curing
 j - a potion of degeneration {unknown}
 k - a potion of ambrosia {unknown}
Comestibles
 f - 2 rations
 m - a chunk of flesh


   Skills:
 + Level 2.8 Fighting
 + Level 4.6 Short Blades
 - Level 2.1 Throwing
 + Level 1.1 Armour
 + Level 4.1 Dodging


You had 2 spell levels left.
You didn't know any spells.
Your spell library was empty.

Dungeon Overview and Level Annotations

Branches:
Dungeon (2/15)

Altars:

Annotations:
D:2 Sigmund


Innate Abilities, Weirdness & Mutations

You are small and have problems with some larger weapons.
You are carnivorous and can eat meat at any time.


Message History

You hear some strange, mumbled words.
You are confused.
Something wriggles in the net.
All of a sudden the net rips apart!
You miss something. Something barely misses you.
You bump into the rock wall.
Something barely misses you.
You see here a scroll labeled VIHAWOGG BIMIST.
You bump into the rock wall.
You feel less confused. Something hits you.
You miss something. You miss something.
You hear some strange, mumbled words.
A puff of flame appears from out of thin air!
The puff of flame misses you.
You miss something. Something hits you.
You hit something. Something hits you!
Ouch! That really hurt!
You die...

#. #.. .. #+#
..#(# .#.## ...
#{######..
#.#####@#.......
#.........######
.######.........
##....####
#.##.#
######.##.#
#.........#
#.####.####
#.####.#


There were no monsters in sight!

Vanquished Creatures
  A worm (D:2)
  3 dart slugs (D:1)
  2 leopard geckos (D:1)
  4 goblins
  5 hobgoblins
  4 jackals (D:1)
  8 kobolds
  A ball python (D:1)
  2 frilled lizards (D:1)
  4 rats
34 creatures vanquished.

Notes
Turn   | Place    | Note
-------+----------+-------------------------------------------
     0 | D:1      | Borgoz the Kobold Gladiator began the quest for the Orb.
     0 | D:1      | Reached XP level 1. HP: 12/12 MP: 1/1
   129 | D:1      | Reached XP level 2. HP: 18/18 MP: 2/2
   272 | D:1      | Reached XP level 3. HP: 16/22 MP: 3/3
   505 | D:1      | Reached skill level 1 in Armour
   937 | D:2      | Noticed Sigmund
   960 | D:2      | Slain by Sigmund

Levels and vault maps discovered:
D:1:      tarquinn_simple_flora_water_e, layout_loops_ring
D:2:      layout_basic, overflow_temple_1_default, st_stairs_5, uniq_sigmund

Skill      XL: |  1  2  3 |
---------------+----------+-----
Dodging        | 4 |  4.1
Armour         | 1 |  1.1
Fighting       | |  2.8
Short Blades   | |  4.6
Throwing       | |  2.1

Action                   || total
-------------------------++-------
Melee: Rapier            ||   101
Throw: Throwing net      ||     3
  Use: Potion            ||     2
 Stab: Sleeping          ||     2
       Distracted        ||     1
  Eat: Chunk             ||     9
Armor: Leather armour    ||    11
Dodge: Dodged            ||    58

Table legend:
 A = Non-vault XP
 B = Vault XP
 C = Vault XP percentage of total XP
 D = Non-vault monster count
 E = Vault monster count
 F = Vault count percentage of total count
                 A         B        C        D         E       F
            +---------+---------+-------+---------+---------+-------
      Total |      62 |       4 |   6.1 |      32 |       2 |   5.9
            +---------+---------+-------+---------+---------+-------
        D:1 |      48 |       0 |   0.0 |      25 |       0 |   0.0
        D:2 |      14 |       4 |  22.2 |       7 |       2 |  22.2
            +---------+---------+-------+---------+---------+-------
